 Dungeon Crawl Stone Soup version 0.29-a0-925-g0a7a3d12f8 (webtiles) character file.

Game seed: 12071740814061674088

711 wilfster70 the Magician (level 8, -6/50 HPs)
             Began as a Djinni Hedge Wizard on July 28, 2022.
             Mangled by an ogre
             ... wielding a +0 giant spiked club
              (19 damage)
             ... on level 4 of the Dungeon on July 29, 2022.
             The game lasted 00:14:21 (6557 turns).

wilfster70 the Magician (Djinni Hedge Wizard)       Turns: 6557, Time: 00:14:22

Health: -6/50      AC:  4    Str:  9    XL:     8   Next: 0%
Gold:   169        EV: 12    Int: 18    God:
                   SH:  0    Dex: 13

rFire   + + .      SeeInvis .   a - +1 longbow (chaos)
rCold   x . .      Faith    .   (shield currently unavailable)
rNeg    . . .      Spirit   .   g - +0 robe
rPois   ∞          Reflect  .   d - +2 hat
rElec   .          Harm     .   (no cloak)
rCorr   .          Rampage  .   (no gloves)
Will    .....                   (boots unavailable)
Stlth   ++........              (no amulet)
HPRegen 0.16/turn               (no ring)
MPRegen 0.00/turn               (no ring)

@: flying
A: sickness immunity, fire resistance 2, cold vulnerability 1, float, innate
caster, HP casting, extra vitality 1
a: no special abilities


You were on level 4 of the Dungeon.
You visited 1 branch of the dungeon, and saw 5 of its levels.

You collected 169 gold pieces.

Inventory:

Hand Weapons
 a - a +1 longbow of chaos (weapon)
 b - a +2 dagger of speed
Missiles
 f - 6 poisoned darts
Armour
 c - a +0 hat
 d - a +2 hat (worn)
 g - a +0 robe (worn)
Jewellery
 k - a +4 ring of evasion
Scrolls
 q - a scroll of blinking
 r - a scroll of identify
 v - a scroll of poison
Potions
 e - a potion of mutation {unknown}
 h - a potion of flight {unknown}
 i - a potion of invisibility {unknown}
 j - 2 potions of cancellation
 l - a potion of might {unknown}
 m - 4 potions of curing
 n - 3 potions of attraction {unknown}
 p - 2 potions of resistance {unknown}
 t - 2 potions of brilliance {unknown}


   Skills:
 + Level 4.3 Ranged Weapons
 - Level 2.1 Dodging
 - Level 1.5 Stealth
 - Level 5.2 Spellcasting


You couldn't memorise any spells.
You knew the following spells:

 Your Spells              Type           Power      Damage    Failure   Level
a - Magic Dart            Conj           92%        1d7       1%          1
b - Call Imp              Summ           23%        N/A       2%          2
c - Shock                 Conj/Air       92%        1d8       1%          1
d - Slow                  Hex            92%        N/A       1%          1
e - Conjure Flame         Conj/Fire      23%        6-21      4%          3
f - Mephitic Cloud        Conj/Pois/Air  23%        N/A       4%          3
g - Blink                 Tloc           46%        N/A       2%          2
h - Poisonous Vapours     Pois/Air       46%        N/A       2%          2
i - Spider Form           Tmut/Pois      23%        N/A       4%          3
Your spell library was empty.

Dungeon Overview and Level Annotations

Branches:
Dungeon (5/15)
 Temple: D:4-7

Altars:

Annotations:
D:3 Pargi


Innate Abilities, Weirdness & Mutations

You are immune to sickness and miasma.
You are immune to poison.
Your flesh is very heat resistant. (rF++)
You are vulnerable to cold. (rC-)
You float through the air rather than walking.
You learn spells naturally, not from books.
Your magical power is your life essence.
You have superior vitality. (+4 MHP)


Message History

The ogre shouts!
A gnoll comes into view. It is wielding a +0 spear.
A gnoll comes into view. It is wielding a +0 whip.
You shoot an arrow. The gnoll shouts! x2
The arrow hits the ogre!
The ogre is heavily wounded.
You hear a shout!
Casting: Poisonous Vapours (safe; 2% risk of failure)
Confirm with . or Enter, or press ? or * to list all spells.
Aiming: Poisonous Vapours (safe; 2% risk of failure)
Press: ? - help, Dir - move target, f/p - ogre
Aim: an ogre, wielding a +0 giant spiked club (moderately wounded) Poisonous vapours surround the ogre!
The ogre is poisoned.
Casting: Poisonous Vapours (safe; 2% risk of failure)
Confirm with . or Enter, or press ? or * to list all spells.
Aiming: Poisonous Vapours (safe; 2% risk of failure)
Press: ? - help, Dir - move target, f/p - ogre
Aim: an ogre, wielding a +0 giant spiked club (heavily wounded, very poisoned) Poisonous vapours surround the ogre!
The ogre looks even sicker.
You shoot an arrow. The arrow hits the ogre.
The ogre is severely wounded.
The ogre hits you with a +0 giant spiked club!
There is a stone staircase leading up here.
You shoot an arrow. The arrow barely misses the ogre.
The arrow closely misses the gnoll.
The arrow barely misses the gnoll.
The ogre barely misses you.
You fly upwards.
There is a stone staircase leading down here.
Casting: Poisonous Vapours (safe; 2% risk of failure)
Confirm with . or Enter, or press ? or * to list all spells.
Aiming: Poisonous Vapours (safe; 2% risk of failure)
Press: ? - help, Dir - move target, f - ogre
Aim: an ogre, wielding a +0 giant spiked club (severely wounded, very poisoned) Poisonous vapours surround the ogre!
The ogre looks even sicker.
The ogre hits you with a +0 giant spiked club!!
* * * LOW HITPOINT WARNING * * *
The ogre attacks as you move away!
The ogre hits you with a +0 giant spiked club!!
You die...

#..#.# #.#.# #....# #.
#..#.# #[#.# ##....# #.
#..#.####.#.###♣≈.♣♣.#####.
##..#.##.#.#...♣♣.≈≈♣......)
#........#'####♣♣♣.≈♣#######
###>#.#.....# ♣≈≈♣♣ ####
#.#.#...>.♣♣♣♣♣♣≈♣♣♣♣♣♣...
#...+....OP≈.♣≈.≈≈P♣.♣♣.##
#####.#....@.≈≈≈≈≈≈≈.≈.≈..#
#...#.#.....P♣≈♣♣≈≈≈P♣.♣≈##
###.#....#'#♣♣♣♣♣P≈P♣♣♣♣♣#
#.......#.# ♣P.♣♣
##.###..#.# ♣≈≈♣ #.# ####.#
♣≈≈♣♣ #.#
#.#####♣P.≈♣####### #.#
#.................# #.#
###########.#####.#


You could see an ogre (very poisoned).

Vanquished Creatures
  Sigmund (D:3)
  A black bear (D:4)
  A phantom (D:4)
  A necrophage (D:4)
  A jelly (D:4)
  An orc priest (D:3)
  A hound (D:4)
  An orc wizard (D:4)
  A gnoll (D:3)
  6 adders
  2 worms
  3 dart slugs
  8 orcs
  8 endoplasms
  2 giant cockroaches (D:3)
  6 goblins
  5 hobgoblins
  4 jackals (D:3)
  4 quokkas
  6 ball pythons
  5 bats
  3 frilled lizards
  10 kobolds
  4 rats
85 creatures vanquished.

Vanquished Creatures (collateral kills)
  An iguana (D:4)
  2 gnolls (D:3)
  A worm (D:2)
  A goblin (D:3)
  2 bats
7 creatures vanquished.

Vanquished Creatures (others)
  4 plants
4 creatures vanquished.

Grand Total: 96 creatures vanquished

Notes
Turn   | Place    | Note
-------+----------+-------------------------------------------
     0 | D:1      | wilfster70 the Djinni Hedge Wizard began the quest for the
                  | Orb.
     0 | D:1      | wilfster70 set off with the following spells memorised:
                  | Magic Dart, Blink, Call Imp, Slow, Conjure Flame, Mephitic
                  | Cloud.
     0 | D:1      | Reached XP level 1. HP: 15/15 MP: 0/0
   331 | D:1      | Reached XP level 2. HP: 21/21 MP: 0/0
  1093 | D:1      | Reached skill level 3 in Spellcasting
  1769 | D:2      | Reached XP level 3. HP: 18/25 MP: 0/0
  1769 | D:2      | Learned a level 1 spell: Shock
  2396 | D:2      | Reached skill level 1 in Ranged Weapons
  2875 | D:2      | Reached XP level 4. HP: 26/31 MP: 0/0
  3392 | D:3      | Found a faded altar of an unknown god.
  3424 | D:3      | Noticed Pargi
  3570 | D:3      | Reached XP level 5. HP: 18/35 MP: 0/0
  3570 | D:3      | Learned a level 2 spell: Poisonous Vapours
  4772 | D:4      | Noticed Sigmund
  4787 | D:3      | Killed Sigmund
  4788 | D:3      | Reached skill level 4 in Spellcasting
  4788 | D:3      | Reached XP level 6. HP: 13/40 MP: 0/0
  5007 | D:4      | Noticed a black bear
  5014 | D:4      | Killed a black bear
  5015 | D:4      | Reached XP level 7. HP: 14/45 MP: 0/0
  5015 | D:4      | Learned a level 3 spell: Spider Form
  5654 | D:4      | Reached skill level 5 in Spellcasting
  6078 | D:4      | Reached XP level 8. HP: 45/50 MP: 0/0
  6532 | D:5      | Entered Level 5 of the Dungeon
  6557 | D:4      | Mangled by an ogre

Illustrated notes

Levels and vault maps discovered:
D:1:      erik_arrival_triangle_small, layout_basic, serial_forest,
          infiniplex_forest_zigzag_1, infiniplex_forest_clump_double,
          infiniplex_forest_lined_3_way, infiniplex_forest_lined_room_2,
          infiniplex_forest_lined_room_3, infiniplex_forest_clump_long,
          infiniplex_forest_zigzag_1, roderic_roman_lattice
D:2:      minmay_general_purpose_star, layout_loops_ring, minmay_diced_spiral
D:3:      layout_loops_corners, dreamdust_ecumenical_altar_hidden_monk_grotto,
          uniq_pargi
D:4:      layout_basic, serial_bayou_crossing, uniq_sigmund
D:5:      layout_basic, hangedman_abyss_or_decor_slice, kennysheep_small_square

Skill      XL: |  1  2  3  4  5  6  7 |
---------------+----------------------+-----
Spellcasting   | 3 4 5 |  5.2
Ranged Weapons | 1 3 4 |  4.3
Dodging        | |  2.1
Stealth        | |  1.5

Action                   |  1- 3 |  4- 6 |  7- 9 || total
-------------------------+-------+-------+-------++-------
Melee: Dagger            |     5 |    10 |     5 ||    20
       Short sword       |       |     5 |       ||     5
 Fire: Longbow           |    50 |    57 |    56 ||   163
 Cast: Magic Dart        |    64 |     6 |    20 ||    90
       Call Imp          |     2 |     3 |     1 ||     6
       Blink             |     1 |       |       ||     1
       Poisonous Vapours |       |    18 |    10 ||    28
  Use: Scroll            |     3 |     6 |     3 ||    12
 Stab: Sleeping          |     1 |       |       ||     1
Armor: Robe              |    12 |    19 |    13 ||    44
Dodge: Dodged            |    36 |    48 |    26 ||   110

Table legend: (Time is in decaauts)
 A = Elapsed time spent in this place.
 B = Non-inter-level travel time spent in this place.
 C = Inter-level travel time spent in this place.
 D = Time resting spent in this place.
 E = Time spent auto-exploring this place.
 F = Levels seen in this place.
 G = Mean time per level.
                   A        B        C        D        E       F      G
               +--------+--------+--------+--------+--------+-----+--------+
         Total |   6644 |   6425 |    219 |   2347 |   2689 |   5 | 1328.8 |
       Dungeon |   6644 |   6425 |    219 |   2347 |   2689 |   5 | 1328.8 |
               +--------+--------+--------+--------+--------+-----+--------+

Top non-repeatable levels by time:
     D:3: 2077 daAuts
     D:2: 1829 daAuts
     D:4: 1371 daAuts
     D:1: 1344 daAuts
     D:5: 22 daAuts
